 Dungeon Crawl Stone Soup version 0.18-a0-327-gb1de508 (webtiles) character file.

2346 Gruud the Cleaver (level 9, 54/65 HPs)
             Began as a Demonspawn Gladiator on Nov 27, 2015.
             Was a Believer of Ru.
             Quit the game on level 7 of the Dungeon on Nov 28, 2015.
             The game lasted 00:19:42 (5738 turns).

Gruud the Cleaver (Demonspawn Gladiator)            Turns: 5738, Time: 00:19:43

Health: 54/65      AC: 16    Str: 18    XL:     9   Next: 20%
Magic:  8/8        EV:  8    Int:  8    God:    Ru [**....]
Gold:   384        SH:  3    Dex: 14    Spells: 0 memorised, 8 levels left

rFire  . . .     SeeInvis .     a - +0 war axe
rCold  + + .     Clarity  .     q - +0 chain mail
rNeg   . . .     SustAt   .     f - +0 buckler
rPois  .         Gourm    .     (helmet restricted)
rElec  .         Spirit   .     p - +0 cloak
rCorr  .         Warding  .     j - +0 pair of gloves
rMut   .         Stasis   .     (no boots)
MR     .....                    (no amulet)
Stlth  ..........               E - +4 ring of protection
                                s - ring of wizardry

@: not resistant to hostile enchantments, extremely unstealthy
A: horns 1, talons 1, cold resistance 2, demonic guardian 1, dopey 1, low mp 1,
freezing cloud immunity, inability to read while threatened, no poison magic, no
translocations magic, no transmutations magic
a: Renounce Religion


You were on level 7 of the Dungeon.
You worshipped Ru.
Ru was pleased with you.
You were not hungry.

You visited 1 branch of the dungeon, and saw 7 of its levels.

You collected 384 gold pieces.

Inventory:

Hand Weapons
 a - a +0 war axe (weapon)
 b - a +1 hand axe of venom
Missiles
 d - 6 throwing nets (quivered)
Armour
 c - a +0 helmet
 f - a +0 buckler (worn)
 j - a +0 pair of gloves (worn)
 p - a +0 cloak (worn)
 q - a +0 chain mail (worn)
Jewellery
 s - a ring of wizardry (left hand)
 u - an uncursed amulet of resist mutation
 E - a +4 ring of protection (right hand)
Wands
 y - a wand of digging (9)
 F - a wand of cold (4)
Scrolls
 i - a scroll of enchant armour {unknown}
 l - a scroll of amnesia {unknown}
 n - 2 scrolls of enchant weapon {unknown}
 r - 4 scrolls of remove curse
 x - a scroll of magic mapping {unknown}
 A - 2 scrolls of teleportation
 G - a scroll of identify
 J - a scroll of fog {unknown}
Potions
 g - a potion of might
 h - a potion of resistance
 k - 2 potions of haste
 t - a potion of cancellation {unknown}
 z - a potion of agility
 B - a potion of beneficial mutation {unknown}
 C - a potion of curing {unknown}
 D - a potion of ambrosia {unknown}
 H - a potion of cure mutation {unknown}
 I - 2 potions of brilliance
Comestibles
 e - 4 bread rations
 m - 8 chunks of flesh
 o - 2 meat rations
 v - 2 slices of pizza
 w - 6 fruits


   Skills:
 - Level 3.8 Fighting
 * Level 9.2 Axes
 - Level 1.7 Throwing
 + Level 6.0 Armour
 - Level 3.2 Dodging


You had 8 spell levels left.
You didn't know any spells.

Dungeon Overview and Level Annotations

Branches:
Dungeon (7/15)             Temple (0/1) D:5

Altars:
Ashenzari
Fedhas
Gozag
Ru
Sif Muna
Zin

Shops:
D:5 }


Innate Abilities, Weirdness & Mutations

You have sharp toenails.
Your flesh is very cold resistant.
A weak demonic guardian rushes to your aid.
You are immune to freezing clouds.
You cannot read scrolls while threatened.
You cannot study or cast Poison magic.
You cannot study or cast Translocations magic.
You cannot study or cast Transmutations magic.
You have a pair of small horns on your head.
You are dopey. (Int -2)
Your magical capacity is low (-10% MP).


Message History

Remove which piece of jewellery? (? for menu, Esc to quit)
You remove your amulet of resist mutation.
You are a level 9 Demonspawn Gladiator.
You are 20% of the way to level 10.
Play time: 00:19:32 (5734 turns) Eat which item? (? for menu, Esc to quit)
This meat tastes really weird.
A pair of horns grows on your head!
Your +0 helmet falls away!
Eat which item? (? for menu, Esc to quit)
This meat tastes really weird.
You feel stupid.
Eat which item? (? for menu, Esc to quit)
This meat tastes really weird.
You feel less energetic.
Eat which item? (? for menu, Esc to quit)
This meat tastes really weird.
You feel more resistant to cold.
Eat which item? (? for menu, Esc to quit)
Okay, then.
Are you sure you want to abandon this character and quit the game? (Confirm with "yes".)

##..###)......#
##.###.......#
###..##.......#
..............#
####.###......#
$.....#
##.#.###.....)#
......#
...#..##....)#####
l..Y..#
##.##.......#<.(.#
.....<#
#.##..###..#.##@#
......#
##.###.###..####.#
......#
#.......##..#
#.#+#...%..#
#..####.##..#
#...........
#.รท<.....#..#
#....#####..
.........#..#
#....#
#...........#
#....#
#.......#...#
#.#+##
#.......#...# #.#


There were no monsters in sight!

Vanquished Creatures
  Sigmund (D:5)
  A wyvern (D:5)
  A hungry ghost (D:7)
  An orc warrior (D:7)
  A black bear (D:7)
  2 sky beasts
  A centaur (D:5)
  4 ogres
  A giant frog (D:6)
  Blork the orc (D:6)
  3 crimson imps (D:5)
  2 orc priests (D:5)
  3 hounds
  7 orc wizards
  An iguana (D:5)
  4 worker ants
  2 hound skeletons
  10 adders
  5 gnolls
  An adder skeleton (D:6)
  A worm (D:2)
  4 giant geckos
  31 orcs
  6 giant cockroaches
  9 hobgoblins
  16 jackals
  10 kobolds
  2 quokkas
  4 ball pythons
  6 bats
  A giant gecko zombie (D:7)
  4 giant newts
  9 goblins
  A quokka skeleton (D:6)
  6 rats
162 creatures vanquished.

Vanquished Creatures (collateral kills)
  An ice beast (D:5)
  A sky beast (D:5)
  2 ogres (D:4)
  A giant gecko (D:7)
  2 orcs (D:3)
  A giant newt (D:6)
  A kobold (D:3)
9 creatures vanquished.

Vanquished Creatures (others)
  An ogre (D:5)
1 creature vanquished.

Grand Total: 172 creatures vanquished

Notes
Turn   | Place    | Note
--------------------------------------------------------------
     0 | D:1      | Gruud the Demonspawn Gladiator began the quest for the Orb.
     0 | D:1      | Reached XP level 1. HP: 16/16 MP: 1/1
   257 | D:1      | Gained mutation: A weak demonic guardian rushes to your aid. [demonic ancestry]
   257 | D:1      | Reached XP level 2. HP: 23/23 MP: 2/2
   319 | D:1      | Reached skill level 3 in Fighting
   833 | D:1      | Gained mutation: Your flesh is cold resistant. [demonic ancestry]
   833 | D:1      | Reached XP level 3. HP: 29/29 MP: 3/3
  1434 | D:2      | Gained mutation: You have sharp toenails. [demonic ancestry]
  1434 | D:2      | Reached XP level 4. HP: 35/37 MP: 4/4
  1855 | D:2      | Reached skill level 1 in Armour
  1932 | D:2      | Found a sacrificial altar of Ru.
  1938 | D:2      | Became a worshipper of Ru the Awakened
  2156 | D:3      | Gained mutation: You are immune to freezing clouds. [demonic ancestry]
  2156 | D:3      | Reached XP level 5. HP: 37/42 MP: 5/5
  2255 | D:3      | Noticed an ogre
  2279 | D:3      | Killed an ogre
  2279 | D:3      | Reached skill level 4 in Axes
  2324 | D:3      | Found a blossoming altar of Fedhas.
  2398 | D:3      | Found a faded altar to an unknown god.
  2565 | D:3      | Found an opulent altar of Gozag.
  2697 | D:3      | Reached XP level 6. HP: 48/48 MP: 6/6
  2915 | D:4      | Reached skill level 5 in Axes
  2936 | D:4      | Found a shattered altar of Ashenzari.
  3013 | D:4      | Gained mutation: You cannot read scrolls while threatened. [Ru sacrifice]
  3013 | D:4      | Reached * piety under Ru
  3323 | D:4      | Reached XP level 7. HP: 34/53 MP: 7/7
  3639 | D:5      | Entered Level 5 of the Dungeon
  3672 | D:5      | Reached skill level 6 in Axes
  3911 | D:5      | Found a staircase to the Ecumenical Temple.
  3928 | D:5      | Reached skill level 7 in Axes
  3928 | D:5      | Reached XP level 8. HP: 21/60 MP: 8/8
  4016 | D:5      | Found a deep blue altar of Sif Muna.
  4076 | D:5      | Found Dedistrienk's Gadget Shop.
  4077 | D:5      | Noticed Sigmund
  4089 | D:5      | Killed Sigmund
  4555 | D:5      | Reached skill level 8 in Axes
  4597 | D:6      | Noticed Blork the orc
  4608 | D:6      | Killed Blork the orc
  4640 | D:6      | Reached skill level 5 in Armour
  4683 | D:6      | Found a glowing silver altar of Zin.
  4782 | D:6      | Got a steaming ring mail
  4793 | D:6      | Identified the +1 ring mail of the Skies Above {rPois rN+ Dex-2} (You found it on level 6 of the Dungeon)
  5214 | D:7      | Reached XP level 9. HP: 24/65 MP: 9/9
  5518 | D:7      | Reached skill level 9 in Axes
  5661 | D:7      | Gained mutation: You cannot study or cast Poison magic. [Ru sacrifice]
  5661 | D:7      | Gained mutation: You cannot study or cast Transmutations magic. [Ru sacrifice]
  5661 | D:7      | Gained mutation: You cannot study or cast Translocations magic. [Ru sacrifice]
  5661 | D:7      | Reached ** piety under Ru
  5734 | D:7      | Gained mutation: You have a pair of small horns on your head. [mutagenic meat]
  5735 | D:7      | Gained mutation: You are dopey. (Int -2) [mutagenic meat]
  5736 | D:7      | Gained mutation: Your magical capacity is low (-10% MP). [mutagenic meat]
  5737 | D:7      | Gained mutation: Your flesh is very cold resistant. [mutagenic meat]
  5738 | D:7      | Quit the game

Vault maps used:
D:1:      dpeg_arrival_circle_labyrinth_c
D:2:      nicolae_ru_the_path_less_chosen
D:3:      grunt_gozag_statues, ecumenical_altar_2, fedhas_altar_fruit_tree
D:4:      first_bread, ashenzari_altar_1
D:5:      led_sif_pool, temple_green, serial_shops, shop_statue, uniq_sigmund
D:6:      basic_altar, st_stairs_3, uniq_blork_the_orc
D:7:      xom_shifter_show, corexii_corridor_pit, grunt_livestock

Action                   |  1- 3 |  4- 6 |  7- 9 || total
-------------------------+-------+-------+-------++-------
Melee: War axe           |   108 |   207 |   392 ||   707
Invok: Sacrifice Words   |       |     1 |       ||     1
       Sacrifice Arcana  |       |       |     1 ||     1
  Use: Scroll            |     2 |     1 |     6 ||     9
       Potion            |     1 |       |     3 ||     4
 Stab: Distracted        |       |     1 |     2 ||     3
  Eat: Chunk             |     2 |     6 |    17 ||    25
       Fruit             |       |       |     2 ||     2
       Bread ration      |       |       |     1 ||     1
